 Dungeon Crawl Stone Soup version 0.31.0-32-g396128a36d (webtiles) character file.

Game seed: 3242631096729853372

2483 Peloso the Carver (level 9, -4/75 HPs)
             Began as a Minotaur Fighter on Mar 24, 2024.
             Succumbed to Erica's bolt of poison
             ... on level 7 of the Dungeon.
             The game lasted 00:14:29 (6801 turns).

Peloso the Carver (Minotaur Fighter)                Turns: 6801, Time: 00:14:29

Health: -4/75      AC: 13    Str: 21    XL:     9   Next: 27%
Magic:  8/8        EV:  4    Int:  5    God:
Gold:   181        SH: 15    Dex: 14    Spells: 8/8 levels left

rFire   . . .        a - +1 long sword (holy)
rCold   . . .        d - +0 tower shield
rNeg    . . .        e - +0 plate armour
rPois   .            (helmet currently unavailable)
rElec   .            (cloak currently unavailable)
rCorr   .            (gloves currently unavailable)
SInv    .            (boots currently unavailable)
Will    .....        (no amulet) Stlth
                     (no ring)
HPRegen 0.32/turn    (no ring)
MPRegen 0.11/turn

%: no passive effects
@: mighty, lethally poisoned (-4 -> -25), beast-form, slowed, very slow
A: beast (slay +1), horns 2, retaliatory headbutt
a: Begin Untransformation


You were on level 7 of the Dungeon.
You were a hulking beast.
You visited 2 branches of the dungeon, and saw 9 of its levels.

You collected 181 gold pieces.

Inventory:

Hand Weapons
 a - a +1 long sword of holy wrath (weapon)
Missiles
 j - a throwing net (quivered)
Armour
 b - a +1 scale mail
 c - a +0 chain mail
 d - a +0 tower shield (worn)
 e - a +0 plate armour (worn)
Talismans
 l - a beast talisman (active)
Scrolls
 i - a scroll of revelation
 m - a scroll of enchant armour
 n - a scroll of noise {unknown}
 o - 2 scrolls of enchant weapon
 s - a scroll of amnesia
Potions
 f - a potion of enlightenment
 g - 2 potions of haste
 k - a potion of mutation
 p - a potion of brilliance
 q - a potion of curing
 t - 2 potions of lignification {unknown}
 u - a potion of attraction


   Skills:
 + Level 5.8 Fighting
 + Level 9.2 Long Blades
 + Level 8.1 Armour
 + Level 1.7 Dodging
 + Level 1.0 Stealth
 + Level 7.7 Shields
 + Level 2.5 Shapeshifting


You had 8 spell levels left.
You didn't know any spells.
Your spell library contained the following spells:

 Spells                   Type           Power      Damage    Failure   Level
 Slow                     Hex            0%         N/A       100%        1
 Sublimation of Blood     Necr           0%         N/A       100%        2
 Call Canine Familiar     Summ           0%         N/A       100%        3
 Confusing Touch          Hex            0%         N/A       100%        3
 Gell's Gravitas          Tloc           0%         N/A       100%        3
 Inner Flame              Hex/Fire       0%         N/A       100%        3
 Sigil of Binding         Hex            0%         N/A       100%        3
 Teleport Other           Tloc           0%         N/A       100%        3
 Vampiric Draining        Necr           0%         2d6       100%        3
 Dimensional Bullseye     Hex/Tloc       0%         N/A       100%        4
 Flame Wave               Conj/Fire      0%         2d4       100%        4
 Petrify                  Alch/Erth      0%         N/A       100%        4
 Sticky Flame             Fire/Alch      0%         2d4       100%        4
 Irradiate                Conj/Alch      0%         3d11      100%        5
 Dispersal                Tloc           0%         N/A       100%        6


Dungeon Overview and Level Annotations

Branches:
Dungeon (8/15)             Temple (1/1) D:4
   Lair: D:8-11

Altars:
Ashenzari
Cheibriados
Dithmenos
Elyvilon
Fedhas
Gozag
Hepliaklqana
Kikubaaqudgha
Makhleb
Nemelex Xobeh
Qazlal
Ru
Sif Muna
Trog
Uskayaw
Vehumet
Wu Jian
Yredelemnul
Zin
The Shining One

Shops:
D:6 :

Annotations:
D:4 3 runed translucent doors, Elsvaer's ghost, amateur DECj
D:6 Jeremiah
D:8 Erica
Temple 4 transporters


Innate Abilities, Weirdness & Mutations

You are a hulking beast.
Your limbs bulge with bestial killing power. (Slay +1)
You have a pair of horns on your head.
You reflexively headbutt those who attack you in melee.


Message History

You block Erica's attack. Erica constricts you.
It was a potion of curing.
You feel better.
Erica hits you with a +1 scimitar of flaming!
* * * LOW HITPOINT WARNING * * *
Erica burns you!
* * * LOW HITPOINT WARNING * * *
Erica constricts you.
* * * LOW HITPOINT WARNING * * *
Okay, then.
You escape Erica's grasp.
Erica zaps a wand.
The mass of ice explodes!
The iceblast engulfs you.
* * * LOW HITPOINT WARNING * * *
As you read the scroll of teleportation, it crumbles to dust.
You feel strangely unstable. Erica casts a spell at you.
You resist with significant effort.
Your surroundings seem slightly different.
Erica zaps a wand.
The mass of ice explodes!
The iceblast engulfs you.
* * * LOW HITPOINT WARNING * * *
Erica casts a spell at you.
You feel as though you will be slow longer.
Erica boasts, "Reason would be justified, if not for me!"
Erica zaps a wand.
The mass of ice explodes!
The iceblast engulfs you.
* * * LOW HITPOINT WARNING * * *
There is a stone staircase leading down here.
There is a stone staircase leading up here.
Your extra speed is starting to run out.
Erica writhes her tentacles angrily.
You feel yourself slow down.
You feel a little less clever now.
There is an open door, spattered with blood here.
Things that are here:
a killer bee corpse; a wyvern corpse
There is a stone staircase leading up, spattered with blood here.
Erica casts a spell at you. The bolt of poison hits you.
You are lethally poisoned!
* * * LOW HITPOINT WARNING * * *
You climb upwards.
You die...

# #.[..............!....#
# #..♣♣..........♣♣....
#####...♣..........♣....#
##... #..............# #
.#.####.......♣.....##.#
.....##.)....♣♣♣.......#
#..#..).###### ###..####
#.#####[##########.## ..#
#.........h..# .##
#.#..........#
#######.)..........#
...#...............#
##...##.#..........#
#......####..######
##............#
..............#
.#...[.♣♣.....#


There were no monsters in sight!

Vanquished Creatures
  A shadow (D:8)
  A wyvern (D:8)
  A water moccasin (D:8)
  2 ice beasts (D:7)
  An orc warrior (D:4)
  3 ogres
  2 black bears (D:6)
  A centaur (D:7)
  A phantom (D:4)
  A bullfrog (D:8)
  4 scorpions
  A gnoll sergeant (D:4)
  3 killer bees
  2 hounds (D:5)
  5 orc priests
  A sleepcap (D:6)
  3 iguanas
  6 orc wizards
  4 gnolls (D:4)
  9 adders
  A white imp (D:7)
  3 dart slugs
  3 ribbon worms
  20 orcs
  7 ball pythons
  8 endoplasms
  4 giant cockroaches
  8 goblins
  5 hobgoblins
  3 jackals (D:2)
  5 kobolds
  7 quokkas
  11 bats
  A frilled lizard (D:1)
  4 rats
142 creatures vanquished.

Notes
Turn   | Place    | Note
-------+----------+-------------------------------------------
     0 | D:1      | Peloso the Minotaur Fighter began the quest for the Orb.
     0 | D:1      | Reached XP level 1. HP: 19/19 MP: 0/0
   190 | D:1      | Reached XP level 2. HP: 27/27 MP: 1/1
   318 | D:1      | Found a faded altar of an unknown god.
   680 | D:1      | Reached skill level 3 in Long Blades
   680 | D:1      | Reached XP level 3. HP: 31/33 MP: 2/2
  1268 | D:2      | Reached XP level 4. HP: 40/40 MP: 3/3
  2714 | D:4      | Reached skill level 4 in Long Blades
  2714 | D:4      | Reached XP level 5. HP: 36/46 MP: 4/4
  2763 | D:4      | Reached skill level 5 in Armour
  2874 | D:4      | Found a staircase to the Ecumenical Temple.
  2896 | D:4      | Reached skill level 5 in Shields
  2896 | D:4      | Reached skill level 1 in Shapeshifting
  2896 | D:4      | Reached XP level 6. HP: 46/52 MP: 5/5
  2927 | Temple   | Found a transporter.
  2927 | Temple   | Found a transporter.
  2927 | Temple   | Found a transporter.
  2927 | Temple   | Found a transporter.
  2927 | Temple   | Entered the Ecumenical Temple
  2982 | D:4      | Reached skill level 1 in Dodging
  3161 | D:4      | Noticed Elsvaer's ghost (amateur DECj)
  3161 | D:4      | Noticed an ice beast
  3161 | D:4      | Noticed an ice beast
  3305 | D:4      | Reached skill level 5 in Long Blades
  3397 | D:4      | Reached XP level 7. HP: 56/60 MP: 6/6
  3610 | D:4      | Found a runed translucent gate.
  3611 | D:4      | Found a runed translucent gate.
  3612 | D:4      | Found a runed translucent gate.
  4277 | D:5      | Entered Level 5 of the Dungeon
  4444 | D:5      | Reached skill level 6 in Long Blades
  4824 | D:5      | Reached XP level 8. HP: 54/67 MP: 7/7
  5100 | D:5      | Found a stormy altar of Qazlal.
  5255 | D:6      | Reached skill level 5 in Fighting
  5512 | D:6      | Reached skill level 7 in Long Blades
  5525 | D:6      | Noticed Jeremiah
  5567 | D:6      | Found Jypp's Vocational Training.
  5909 | D:7      | Reached skill level 8 in Long Blades
  6370 | D:8      | Reached skill level 1 in Stealth
  6370 | D:8      | Reached XP level 9. HP: 74/74 MP: 8/8
  6620 | D:8      | Reached skill level 9 in Long Blades
  6754 | D:8      | Noticed Erica
  6780 | D:8      | HP: 3/75 [Erica/iceblast (5)]
  6801 | D:7      | Succumbed to Erica's bolt of poison

Illustrated notes

Levels and vault maps discovered:
D:1:      dpeg_arrival_subterranean_lakeside_camping, layout_basic,
          ebering_ecumenical_altar_ruins, corexii_item_surrounded_by_moat
D:2:      layout_basic, skrybe_limestone_x
D:3:      layout_loops_corners, minmay_misc_feat_five, kennysheep_generic_room_4
D:4:      layout_gridville, minmay_temple_entry_arrows, gammafunk_ghost_icy,
          lightli_minifort
D:5:      layout_gridville, mainiacjoe_overflow_boulevard
D:6:      layout_gridville, nicolae_shop_vocational, uniq_blork_the_orc,
          uniq_jeremiah
D:7:      layout_rooms, chequers_garden, kennysheep_minor_cross,
          kennysheep_decorative_pillar, the_hattery
D:8:      layout_gridville, serial_shops, shop, minmay_gold_behind_fungi,
          uniq_erica
Temple:   hellmonk_temple_divided_pantheon

Skill      XL: |  1  2  3  4  5  6  7  8  9 |
---------------+----------------------------+-----
Shields        | 4 5 6 7 |  7.7
Armour         | 4 5 6 7 8 |  8.1
Long Blades    | 3 4 5 6 8 9 |  9.2
Fighting       | 4 5 |  5.8
Shapeshifting  | 1 2 |  2.5
Dodging        | 1 |  1.7
Stealth        | 1 |  1.0

Action                     |  1- 3 |  4- 6 |  7- 9 || total
---------------------------+-------+-------+-------++-------
  Melee: Long sword        |   118 |   150 |   252 ||   520
         Headbutt          |    20 |    27 |    48 ||    95
    Use: Scroll            |     3 |     3 |    10 ||    16
         Potion            |     1 |     1 |     5 ||     7
 Armour: Scale mail        |    76 |     2 |       ||    78
         Chain mail        |       |   132 |    59 ||   191
         Plate armour      |       |       |   149 ||   149
  Dodge: Dodged            |    57 |    35 |    55 ||   147
  Block: Buckler           |    23 |       |       ||    23
         Kite shield       |    19 |    75 |    53 ||   147
         Tower shield      |       |       |   172 ||   172
   Form: Beast             |       |     1 |       ||     1
